 Seeded DCSS version 0.30-a0-414-gcb316572d5 (webtiles) character file.

Game seed: 20221207 (custom seed)

102 Nerdsrcool the Magician (level 5, -1/35 HPs)
             Began as a Djinni Air Elementalist on Dec 7, 2022.
             Slain by an iguana (7 damage)
             ... on level 4 of the Dungeon.
             The game lasted 00:06:28 (2404 turns).

Nerdsrcool the Magician (Djinni Air Elementalist)   Turns: 2404, Time: 00:06:29

Health: -1/35      AC:  2    Str:  7    XL:     5   Next: 6%
Gold:   216        EV: 12    Int: 19    God:
                   SH:  0    Dex: 13

rFire   + + .      SeeInvis .    i - +1 short sword (antimagic)
rCold   x . .      Faith    .    (no shield)
rNeg    . . .      Spirit   .    a - +0 robe
rPois   ∞          Reflect  .    (no helmet)
rElec   .          Harm     .    o - scarf {shadows}
rCorr   .          Rampage  .    (no gloves)
Will    .....                    (boots unavailable)
Stlth   ++........               (no amulet)
HPRegen 0.25/turn                (no ring)
MPRegen 0.00/turn                (no ring)

@: flying
A: sickness immunity, fire resistance 2, cold vulnerability 1, float, innate
caster, HP casting, extra vitality 1
a: no special abilities


You were on level 4 of the Dungeon.
You visited 1 branch of the dungeon, and saw 4 of its levels.

You collected 216 gold pieces.

Inventory:

Hand Weapons
 b - a +0 short sword
 i - a +1 antimagic short sword (weapon)
 k - a +0 spectral quarterstaff
Armour
 a - a +0 robe (worn)
 o - a scarf of shadows (worn)
 r - a +0 leather armour
 s - a +0 buckler
Scrolls
 e - a scroll of magic mapping
 f - a scroll of enchant weapon {unknown}
 h - a scroll of noise {unknown}
 l - 2 scrolls of blinking
 m - a scroll of teleportation {unknown}
 p - a scroll of silence {unknown}
 q - a scroll of poison {unknown}
 t - a scroll of brand weapon {unknown}
Potions
 c - 3 potions of lignification
 g - a potion of degeneration {unknown}
 j - a potion of magic {unknown}
 n - a potion of haste {unknown}


   Skills:
 + Level 2.6 Dodging
 + Level 2.1 Stealth
 + Level 3.8 Spellcasting


You couldn't memorise any spells.
You knew the following spells:

 Your Spells              Type           Power      Damage    Failure   Level
a - Shock                 Conj/Air       72%        1d7       3%          1
b - Static Discharge      Conj/Air       36%        2-4/arc   4%          2
c - Swiftness             Air            18%        N/A       9%          3
d - Airstrike             Air            9%         2d(2-18)  28%         4
e - Summon Small Mammal   Summ           72%        N/A       3%          1
f - Searing Ray           Conj           36%        2d5       4%          2
Your spell library was empty.

Dungeon Overview and Level Annotations

Branches:
Dungeon (4/15)
 Temple: D:4-7

Altars:
Nemelex Xobeh
Ru
Trog

Shops:
D:1 !


Innate Abilities, Weirdness & Mutations

You are immune to sickness and miasma.
You are immune to poison.
Your flesh is very heat resistant. (rF++)
You are vulnerable to cold. (rC-)
You float through the air rather than walking.
You learn spells naturally, not from books.
Your magical power is your life essence.
You have superior vitality. (+4 MHP)


Message History

Aiming: Shock (safe; 3% risk of failure)
Press: ? - help, Q - select action, (/) - cycle Shift-Dir - straight line, f/p - gnoll
Aim: a gnoll, wielding a +0 halberd (heavily wounded, 75% to hit)
The zap hits the iguana.
The iguana is heavily wounded.
The zap hits the gnoll.
You kill the gnoll!
The zap misses the iguana.
The iguana barely misses you.
You have reached level 5!
The power to cast Searing Ray wells up from within.
Spell assigned to 'f'.
You are too injured to fight recklessly!
Aiming: Searing Ray (safe; 4% risk of failure)
Press: ? - help, Q - select action, (/) - cycle Shift-Dir - straight line, f - dart slug
Aim: a dart slug (100% to hit)
The searing ray hits the iguana but does no damage.
The iguana is heavily wounded.
The searing ray hits the dart slug!
You kill the dart slug! (Press . to maintain the ray.)
The iguana bites you.
The searing ray hits the iguana.
The iguana is heavily wounded.
* * * LOW HITPOINT WARNING * * *
The iguana bites you.
* * * LOW HITPOINT WARNING * * *
The searing ray misses the iguana.
* * * LOW HITPOINT WARNING * * *
The iguana barely misses you.
You hit the iguana.
The iguana is severely wounded.
The iguana closely misses you.
You closely miss the iguana.
The iguana is severely wounded.
The iguana barely misses you.
You hit the iguana but do no damage.
The iguana is severely wounded.
The iguana bites you!
You die...

#.# #.# #.#
#.#### #....#
#####.#
####.....#
#....#####
#.....@#
#....#l#
#....#)#
#....#.))g...
##.#####..g..
.. ..... #+
##.. .


You could see an iguana.

Vanquished Creatures
  2 gnolls (D:4)
  2 adders (D:3)
  A worm (D:2)
  3 dart slugs
  4 ball pythons
  5 bats
  4 endoplasms
  A giant cockroach (D:3)
  3 goblins
  A hobgoblin (D:2)
  4 jackals (D:2)
  6 kobolds
  4 quokkas
  2 frilled lizards
  3 rats
45 creatures vanquished.

Vanquished Creatures (collateral kills)
  A gnoll (D:4)
1 creature vanquished.

Grand Total: 46 creatures vanquished

Notes
Turn   | Place    | Note
-------+----------+-------------------------------------------
     0 | D:1      | Nerdsrcool the Djinni Air Elementalist began the quest for
                  | the Orb.
     0 | D:1      | Nerdsrcool set off with the following spells memorised:
                  | Shock, Static Discharge, Swiftness, Airstrike.
     0 | D:1      | Reached XP level 1. HP: 15/15 MP: 0/0
    98 | D:1      | Reached XP level 2. HP: 18/21 MP: 0/0
   223 | D:1      | Found Opnuekh's Distillery.
   469 | D:1      | Reached skill level 3 in Spellcasting
   504 | D:1      | Reached XP level 3. HP: 25/25 MP: 0/0
   504 | D:1      | Learned a level 1 spell: Summon Small Mammal
  1137 | D:2      | Found a bloodstained altar of Trog.
  1215 | D:2      | HP: 1/25 [/static electricity (2)]
  1650 | D:3      | Found a sacrificial altar of Ru.
  1840 | D:3      | Found a sparkling altar of Nemelex Xobeh.
  1858 | D:3      | Reached XP level 4. HP: 27/31 MP: 0/0
  2399 | D:4      | Reached XP level 5. HP: 15/35 MP: 0/0
  2399 | D:4      | Learned a level 2 spell: Searing Ray
  2404 | D:4      | Slain by an iguana

Illustrated notes

Levels and vault maps discovered:
D:1:      ncdulo_watergridlock, layout_basic, serial_shops, nicolae_diamond_shop
D:2:      layout_loops_ring, basic_altar, chequers_serial_rivers_micro_e
D:3:      layout_loops_cross, lemuel_crystal_altar,
          nicolae_overflow_crystal_walls, minmay_statues_item
D:4:      layout_basic, kennysheep_ying_yang, mainiacjoe_overflow_24_doors

Skill      XL: |  1  2  3  4 |
---------------+-------------+-----
Spellcasting   | 3 |  3.8
Stealth        | 2 |  2.1
Dodging        | |  2.6

Action                   |  1- 3 |  4- 6 || total
-------------------------+-------+-------++-------
Melee: Short sword       |       |     3 ||     3
 Cast: Shock             |    70 |    19 ||    89
       Static Discharge  |     1 |       ||     1
       Summon Small Mamm |       |     2 ||     2
       Searing Ray       |       |     1 ||     1
  Use: Scroll            |       |     3 ||     3
Armor: Robe              |     2 |       ||     2
Dodge: Dodged            |     3 |     8 ||    11

Table legend: (Time is in decaauts)
 A = Elapsed time spent in this place.
 B = Non-inter-level travel time spent in this place.
 C = Inter-level travel time spent in this place.
 D = Time resting spent in this place.
 E = Time spent auto-exploring this place.
 F = Levels seen in this place.
 G = Mean time per level.
                   A        B        C        D        E       F      G
               +--------+--------+--------+--------+--------+-----+--------+
         Total |   2402 |   2345 |     57 |     96 |   1915 |   4 |  600.5 |
       Dungeon |   2402 |   2345 |     57 |     96 |   1915 |   4 |  600.5 |
               +--------+--------+--------+--------+--------+-----+--------+

Top non-repeatable levels by time:
     D:1: 834 daAuts
     D:2: 793 daAuts
     D:3: 734 daAuts
     D:4: 39 daAuts
